 Dungeon Crawl Stone Soup version 0.18-a0-888-g17a9b31 (console) character file.

136245 FIQ the Cleaver (level 16, 0/122 HPs)
             Began as a Lacertilian Berserker on Mar 28, 2016.
             Was the Champion of Jiyva.
             Slain by a hell knight
             ... wielding a +0 broad axe of chopping
             ... led by Margery
              (1 damage)
             ... on level 1 of the Vaults on Mar 29, 2016.
             The game lasted 01:36:32 (29888 turns).

FIQ the Cleaver (Lacertilian Berserker)            Turns: 29888, Time: 01:36:33

Health: 0/122      AC: 28    Str: 23    XL:     16   Next: 89%
Magic:  21/21      EV: 15    Int: 10    God:    Jiyva [******]
Gold:   1139       SH:  0    Dex: 15    Spells: 0 memorised, 15 levels left

rFire  + . .     SeeInvis .     a - +7 battleaxe (chop)
rCold  + + .     Gourm    .     K - +7 chain mail of Dim Light {rF+ Regen+}
rNeg   . . .     Faith    +     (shield currently unavailable)
rPois  .         Spirit   .     w - +1 hat {rC+}
rElec  +         Dismiss  .     o - +2 cloak {+Inv}
rCorr  +         Reflect  .     (no gloves)
SustAt .         Harm     .     j - +0 pair of boots
MR     ++++.     Rnd*Tele +     W - amulet of Scepticism {MR++ Regen+ Str-2 Int-3 Dex+5}
Stlth  ++........               U - ring "Yfeiged" {rElec MR+ Str+3 Stlth+}
                                g - ring of teleportation

@: incredibly resistant to hostile enchantments, unstealthy
A: faith, no wrath for changing religions, slimy green scales 2, camouflage 3,
cold resistance 1, low mp 1, robust 1, wild magic 1, cold-blooded
a: Request Jelly, Jelly Paralyse, Slimify, Cure Bad Mutation, Renounce Religion,
Evoke Invisibility, Evoke Teleportation
}: 1/15 runes: slimy


You were on level 1 of the Vaults.
You worshipped Jiyva.
Jiyva was exalted by your worship.
You were completely stuffed.

You visited 8 branches of the dungeon, and saw 35 of its levels.
You also visited: Labyrinth, Ice Cave and Volcano.

You collected 2067 gold pieces.
You spent 928 gold pieces at shops.

Inventory:

Hand Weapons
 a - a +7 battleaxe of chopping (weapon)
 b - a +1 broad axe of flaming
Armour
 j - a +0 pair of boots (worn)
 o - a +2 cloak of invisibility (worn)
 t - the +3 plate armour "Laazoha" {rCorr MP+9 Int+3}
   (You found it on level 1 of the Lair of Beasts)

   It affects your intelligence (+3).
   It affects your magic capacity (+9).
   It protects you from acid and corrosion.
 w - a +1 hat of cold resistance (worn)
 K - the +7 chain mail of Dim Light (worn) {rF+ Regen+}
   (You found it on level 6 of the Pits of Slime)

   It protects you from fire.
   It increases your rate of regeneration.
 M - a +0 cloak of cold resistance
Jewellery
 c - an uncursed ring of protection from magic
 e - an uncursed ring of protection from cold
 g - a ring of teleportation (left hand)
 n - a +3 ring of protection
 L - the ring of Senuax {EV+3 Dex+2}
   (You found it on level 6 of the Pits of Slime)

   [ring of evasion]

   It affects your evasion (+3).
   It affects your dexterity (+2).
 S - an uncursed ring of sustain attributes
 U - the ring "Yfeiged" (right hand) {rElec MR+ Str+3 Stlth+}
   (You found it on level 10 of the Dungeon)

   [ring of stealth]

   It affects your strength (+3).
   It insulates you from electricity.
   It affects your resistance to hostile enchantments.
   It makes you more stealthy.
 W - the amulet of Scepticism (around neck) {MR++ Regen+ Str-2 Int-3 Dex+5}
   (You found it on level 6 of the Pits of Slime)

   [amulet of regeneration]

   It affects your strength (-2).
   It affects your intelligence (-3).
   It affects your dexterity (+5).
   It affects your resistance to hostile enchantments.
   It increases your rate of regeneration.
 Y - an uncursed ring of protection from fire
Wands
 p - a wand of heal wounds (0/9)
 z - a wand of digging (10/24)
 B - a wand of cold (9/15)
 D - a wand of confusion (18/48)
 E - a wand of fire (4/15)
 R - a wand of digging (13/24)
 X - a wand of fireball (3/15)
Scrolls
 d - 2 scrolls of fear
 f - 10 scrolls of remove curse
 k - 2 scrolls of magic mapping
 l - 6 scrolls of enchant weapon
 m - 2 scrolls of recharging
 q - 3 scrolls of fog
 v - 3 scrolls of blinking
 x - 3 scrolls of enchant armour
 C - 4 scrolls of teleportation
 N - a scroll of summoning {unknown}
 V - a scroll of identify
Potions
 i - 3 potions of haste
 r - 3 potions of brilliance
 y - 2 potions of magic
 F - 2 potions of berserk rage
 G - 2 potions of might
 H - 2 potions of curing
 I - a potion of invisibility
 J - a potion of resistance
 O - a potion of cure mutation
Books
 Q - a book of the Warp

   Spells                             Type                      Level
   a - Recall                         Summoning/Translocation      3
   b - Gell's Gravitas                Hexes/Translocation          3
   c - Force Lance                    Conjuration/Translocation    4
   d - Phase Shift                    Translocation                5
   e - Warp Weapon                    Charms/Translocation         5
   f - Summon Forest                  Summoning/Translocation      5
Miscellaneous
 Z - a sack of spiders
Comestibles
 h - 2 slices of pizza
 s - 7 meat rations
 u - 10 royal jellies
 A - 6 bread rations
 T - 10 fruits


   Skills:
 + Level 10.8 Fighting
 * Level 14.5 Axes
 + Level 12.4 Armour
 + Level 12.8 Dodging
 + Level 11.8 Evocations


You had 15 spell levels left.
You didn't know any spells.

Dungeon Overview and Level Annotations

Branches:
Dungeon (14/15)            Temple (1/1) D:7            Lair (8/8) D:9
 Shoals (1/4) Lair:6        Snake (0/4) Lair:4        Slime (6/6) Lair:6
    Orc (2/2) D:11            Elf (1/3) Orc:2        Vaults (2/5) D:14
  Crypt: Vaults:2-3

Altars:
Ashenzari
Cheibriados
Dithmenos
Elyvilon
Fedhas
Gozag
Kikubaaqudgha
Makhleb
Nemelex Xobeh
Okawaru
Pakellas
Qazlal
Ru
Sif Muna
Trog
Vehumet
Xom
Yredelemnul
Zin
The Shining One
Jiyva

Shops:
D:4 *   D:11 !   Orc:2 *[(:

Annotations:
D:12 exclusion: ice statue
Lair:2 exclusion: oklob plant
Slime:4 Dissolution
Slime:6 Royal Jelly
Vaults:2 Margery


Innate Abilities, Weirdness & Mutations

You have a strong connection with the divine.
You may change religions without incurring divine wrath.
You are mostly covered in slimy green scales (AC +3).
Your skin perfectly mimics your surroundings (Stealth).
You are cold-blooded and may be slowed by cold attacks.
Your flesh is cold resistant.
Your magical capacity is low (-10% MP).
You are robust (+10% HP).
Your spells are a little harder to cast, but a little more powerful.


Message History

Put on which piece of jewellery? (? for menu, Esc to quit)
You're wearing all the rings you can.
Remove which one? (? for menu, Esc to cancel) < or
L - the ring of Senuax {EV+3 Dex+2} > or
U - the ring "Yfeiged" {rElec MR+ Str+3 Stlth+} You remove the ring of Senuax {EV+3 Dex+2}.
You feel slightly jumpy.
g - a ring of teleportation (left hand)
The hell knight hits you with an enchanted demon blade!
* * * LOW HITPOINT WARNING * * *
The hell knight points at you and mumbles some strange words.
You resist with almost no effort.
Evoke which item? (* to show all) (? for menu, Esc to quit)
Okay, then.
Drink which item? (? for menu, Esc to quit)
You feel better.
The hell knight hits you but does no damage.
The hell knight hits you with a broad axe of chopping!
* * * LOW HITPOINT WARNING * * *
You die...

..............................###
.....................J........#..
.........J....................#..
.................J...............
..............................#..
...................J..........#..
####..........########........#..
#..........#......#........#..
#..........#......#........#..
#..........#......#........#..
#..........#.@p...#........#..
#..........#.p....#........#..
#..........#...>..#.(......#..
#..........#......#........#..
#..........#......#........###
#..........#......#...........
#..........#......#........... #
#..........######.#........... ##
#.............................
.###.............................
..##.............................


You could see 2 hell knights.

Vanquished Creatures
  Maud (D:11)
  A vault warden (Vaults:1)
  An orc warlord (Orc:2)
  Azrael (D:12)
  A minotaur (Lab)
  4 vault guards (D:14)
  A yaktaur captain (Vaults:1)
  A catoblepas (Lair:8)
  3 hydras
  2 centaur warriors
  14 death yaks
  A deep troll shaman (Lair:8)
  2 tengu warriors
  An ogre mage (Vaults:1)
  3 deep elf knights (Vaults:1)
  2 orc high priests (Orc:2)
  7 skeletal warriors
  A shadow wraith (Vaults:1)
  3 unseen horrors
  A necromancer (IceCv)
  A lindwurm (Lair:8)
  A deep elf archer (Vaults:1)
  3 orc knights
  A wolf spider (Vaults:1)
  6 hill giants
  5 deep elf magi
  6 ugly things
  4 orc sorcerers
  3 griffons
  A cyclops (D:14)
  2 manticores
  34 elephants
  An ice statue (IceCv)
  Joseph (D:7)
  2 rust devils (Slime:5)
  5 gargoyles
  9 black mambas
  15 spiny frogs
  2 efreet
  10 yaktaurs (Vaults:1)
  5 komodo dragons
  2 tengu conjurers
  A two-headed ogre (Vaults:1)
  5 fire drakes
  11 freezing wraiths
  A red devil (Slime:5)
  10 trolls
  4 polar bears
  21 blink frogs
  2 shadows
  A vampire (D:13)
  2 humans (D:14)
  4 basilisks
  55 yaks
  13 vampire mosquitoes
  A mottled dragon (D:13)
  6 fire elementals
  13 hippogriffs
  3 wraiths (Lair:6)
  3 steam dragons
  3 hungry ghosts
  Menkaure (D:5)
  2 death yak simulacra (IceCv)
  2 wyverns
  Edmund (D:5)
  20 water moccasins
  2 insubstantial wisps (D:11)
  28 wolves
  2 wargs (Orc:2)
  32 orc warriors
  2 nagas (Lair:4)
  3 hell hounds (D:12)
  8 porcupines
  19 ice beasts
  13 ogres
  A wasp (D:14)
  A black bear (D:7)
  4 phantoms
  5 sky beasts
  6 centaurs
  22 crocodiles
  A wyvern zombie (D:6)
  15 giant frogs
  A water moccasin skeleton (D:7)
  3 scorpions
  A troll zombie (D:11)
  12 killer bees
  A human simulacrum (Vaults:1)
  2 crimson imps
  12 orc wizards
  A wasp zombie (D:10)
  3 centaur zombies
  A gnoll shaman (D:6)
  17 orc priests
  7 draconian simulacra (IceCv)
  11 jellies
  A giant frog zombie (D:12)
  7 hounds
  8 centaur skeletons
  2 giant frog skeletons
  12 worker ants
  13 iguanas
  A spriggan simulacrum (IceCv)
  4 troll simulacra (IceCv)
  5 sheep (Lair:2)
  A polar bear simulacrum (IceCv)
  A wolf simulacrum (IceCv)
  5 ogre zombies (D:11)
  A hound skeleton (D:4)
  3 centaur simulacra (IceCv)
  3 naga simulacra (IceCv)
  A worker ant zombie (D:3)
  13 gnolls
  2 ogre simulacra (IceCv)
  8 adders
  54 river rats
  4 shadow imps
  14 white imps
  8 oozes
  An adder zombie (D:10)
  5 worms
  2 adder skeletons
  5 giant geckos
  67 orcs
  5 giant cockroaches
  9 hobgoblins
  7 kobolds
  A quokka (D:8)
  A ball python (D:3)
  A ball python skeleton (D:3)
  6 bats
  2 giant gecko skeletons (D:3)
  A giant gecko zombie (D:3)
  6 giant newts
  8 goblins
  2 goblin skeletons (D:11)
  A goblin zombie (D:11)
  2 hobgoblin zombies (D:11)
  16 jackals
  4 orc skeletons (D:11)
  10 orc zombies (D:11)
  A quokka zombie (D:6)
  7 rats
  7 fungi
  7 plants
946 creatures vanquished.

Vanquished Creatures (collateral kills)
  The ghost of ktulu8bugs the Covert, a journeyman LaAK of Okawaru (Lair:6)
  Sonja (Lair:2)
  Maurice (D:9)
  2 spiny frogs (Lair:6)
  A fire drake (Lair:6)
6 creatures vanquished.

Vanquished Creatures (others)
  3 acid blobs (Slime:6)
  An azure jelly (Slime:5)
  Donald (Slime:1)
  An ettin (Slime:5)
  2 great orbs of eyes
  Josephine (Lair:6)
  A giant orange brain (Slime:4)
  An orc knight (Orc:2)
  4 shining eyes
  A sixfirhy (Slime:5)
  A smoke demon (Slime:5)
  An eye of devastation (Slime:6)
  A giant leech (Slime:5)
  58 slime creatures
  A basilisk (Lair:5)
  A golden eye (Slime:5)
  An orc warrior (Orc:2)
  An eye of draining (Slime:3)
  An ogre (Orc:2)
  A scorpion (D:11)
  2 killer bees (D:11)
  2 crimson imps (D:11)
  121 jellies
  A centaur skeleton (D:10)
  2 orc wizards (Orc:2)
  An adder (D:10)
  14 river rats
  A shadow imp (D:13)
  6 orcs (Orc:2)
  A quokka (D:11)
  4 bushes (Lair:8)
  37 fungi
  18 plants
293 creatures vanquished.

Grand Total: 1245 creatures vanquished

Notes
Turn   | Place    | Note
--------------------------------------------------------------
     0 | D:1      | FIQ the Lacertilian Berserker began the quest for the Orb.
     0 | D:1      | Reached XP level 1. HP: 15/15 MP: 0/0
    66 | D:1      | Reached XP level 2. HP: 12/20 MP: 1/1
   226 | D:1      | Reached ** piety under Trog
   342 | D:1      | Reached XP level 3. HP: 21/25 MP: 2/2
  1121 | D:2      | Reached skill level 3 in Axes
  1121 | D:2      | Reached XP level 4. HP: 20/30 MP: 3/3
  1166 | D:2      | Reached *** piety under Trog
  1819 | D:2      | Reached XP level 5. HP: 26/36 MP: 4/4
  2260 | D:3      | Reached XP level 6. HP: 40/42 MP: 5/5
  2564 | D:3      | Reached **** piety under Trog
  3147 | D:4      | Reached skill level 4 in Axes
  3321 | D:4      | Found a shadowy altar of Dithmenos.
  3434 | D:4      | Gained mutation: Your skin blends seamlessly with your surroundings (Stealth). [Lacertilian growth]
  3434 | D:4      | Reached XP level 7. HP: 19/46 MP: 6/6
  3743 | D:4      | Found Maca's General Store.
  4027 | D:5      | Entered Level 5 of the Dungeon
  4035 | D:5      | Noticed Menkaure
  4046 | D:5      | Killed Menkaure
  4248 | D:5      | Identified the Compendium of Transmigration
  4302 | D:5      | Reached skill level 5 in Axes
  4363 | D:5      | Noticed Edmund
  4372 | D:5      | Reached XP level 8. HP: 27/54 MP: 7/7
  4378 | D:5      | Killed Edmund
  4590 | D:5      | Reached skill level 5 in Dodging
  4668 | D:5      | Reached ***** piety under Trog
  5236 | D:6      | Reached skill level 6 in Axes
  5339 | D:6      | Reached skill level 5 in Armour
  5341 | D:6      | Reached XP level 9. HP: 28/60 MP: 8/8
  5366 | D:6      | Identified a scroll of acquirement
  5799 | D:7      | Reached skill level 1 in Evocations
  5894 | D:7      | Noticed Joseph
  5903 | D:7      | Killed Joseph
  5903 | D:7      | Reached skill level 5 in Fighting
  6355 | D:7      | Found a staircase to the Ecumenical Temple.
  6393 | D:7      | Reached skill level 7 in Axes
  6543 | D:7      | Found a white marble altar of Elyvilon.
  6809 | D:7      | Found an opulent altar of Gozag.
  6949 | D:7      | Found a shimmering altar of Xom.
  6950 | D:7      | Found a sacrificial altar of Ru.
  6951 | D:7      | Found a basalt altar of Yredelemnul.
  6952 | D:7      | Found a sparkling altar of Nemelex Xobeh.
  6954 | D:7      | Found a shattered altar of Ashenzari.
  7074 | Temple   | Entered the Ecumenical Temple
  7373 | D:8      | Received a gift from Trog
  7622 | D:8      | Noticed a centaur skeleton
  7633 | D:8      | Killed a centaur skeleton
  7633 | D:8      | Reached XP level 10. HP: 58/66 MP: 8/11
  7920 | D:8      | Found a burning altar of Makhleb.
  8473 | D:9      | Gained mutation: Your system is resistant to poisons. [mutagenic meat]
  8474 | D:9      | Gained mutation: You are partially covered in rough black scales (AC +4, Dex -1). [mutagenic meat]
  8475 | D:9      | Gained mutation: You are resistant to hostile enchantments. [mutagenic meat]
  8476 | D:9      | Gained mutation: Your magical capacity is low (-10% MP). [mutagenic meat]
  8477 | D:9      | Gained mutation: Your mind is acute. (Int +2) [mutagenic meat]
  8478 | D:9      | Gained mutation: You are robust (+10% HP). [mutagenic meat]
  8479 | D:9      | Gained mutation: You have a pair of small horns on your head. [potion of beneficial mutation]
  8558 | D:9      | Noticed Maurice
  8571 | D:9      | Killed Maurice
  8820 | D:9      | Found a staircase to the Lair.
  8988 | D:9      | Reached skill level 8 in Axes
  9364 | Lair:1   | Entered Level 1 of the Lair of Beasts
  9930 | Lair:1   | Reached XP level 11. HP: 77/80 MP: 12/12
 10206 | Lair:1   | Got a crude plate armour
 10207 | Lair:1   | Identified the +3 plate armour "Laazoha" {rCorr MP+9 Int+3} (You found it on level 1 of the Lair of Beasts)
 10386 | Lair:1   | Reached skill level 5 in Evocations
 10478 | Lair:2   | Gained mutation: You have a pair of horns on your head. [potion of beneficial mutation]
 10479 | Lair:2   | Gained mutation: Your spells are a little harder to cast, but a little more powerful. [potion of beneficial mutation]
 10500 | Lair:2   | Received a gift from Trog
 10594 | Lair:2   | Noticed Sonja
 10611 | Lair:2   | Killed Sonja
 10611 | Lair:2   | Reached skill level 9 in Axes
 11967 | Lair:3   | Got a twisted robe
 11968 | Lair:3   | Identified the +1 robe of Ewnis {*Corrode rPois rF- rN+++} (You found it on level 3 of the Lair of Beasts)
 12008 | Lair:3   | Reached XP level 12. HP: 86/89 MP: 14/14
 12034 | Lair:3   | Noticed a death yak
 12036 | Lair:3   | Noticed a death yak
 12037 | Lair:3   | Noticed a death yak
 12210 | Lair:3   | Reached skill level 10 in Axes
 12467 | Lair:3   | Killed a death yak
 12469 | Lair:3   | Killed a death yak
 12470 | Lair:3   | Killed a death yak
 12997 | Lair:4   | Found a staircase to the Snake Pit.
 14044 | Lair:5   | Found a dark tunnel.
 14171 | Volcano  | Entered a volcano
 14531 | Lair:5   | Got a shimmering battleaxe
 14532 | Lair:5   | Identified the +8 battleaxe of a sewer {vamp, rF+} (You found it on level 5 of the Lair of Beasts)
 14551 | Lair:5   | Reached skill level 11 in Axes
 14551 | Lair:5   | Reached XP level 13. HP: 96/96 MP: 15/15
 14558 | Lair:5   | Reached ****** piety under Trog
 14559 | Lair:5   | Received a gift from Trog
 15051 | Lair:6   | Found a frozen archway.
 15118 | Lair:6   | Noticed ktulu8bugs's ghost (journeyman LaAK)
 15203 | Lair:6   | Noticed Josephine
 15220 | Lair:6   | Reached skill level 10 in Dodging
 15277 | IceCv    | Entered an ice cave
 16184 | IceCv    | Found an ancient bone altar of Kikubaaqudgha.
 16595 | IceCv    | Identified the Grimoire of Cold
 16671 | IceCv    | Identified the Reference Book on Harmful Cold
 16778 | Lair:6   | Received a gift from Trog
 16794 | Lair:6   | Killed Josephine
 17084 | Lair:6   | Killed ktulu8bugs's ghost
 17125 | Lair:6   | Reached skill level 10 in Armour
 17223 | Lair:6   | Found a staircase to the Shoals.
 17637 | Lair:6   | Found a runed door.
 17637 | Lair:6   | Found a viscous altar of Jiyva.
 17637 | Lair:6   | Found a staircase to the Slime Pits.
 17686 | Lair:6   | Reached XP level 14. HP: 104/104 MP: 17/17
 17710 | Shoals:1 | Entered Level 1 of the Shoals
 17919 | Lair:6   | Fell from the grace of Trog
 17919 | Lair:6   | Became a worshipper of Jiyva Jobb the Shapeless
 18026 | Lair:6   | Reached * piety under Jiyva
 18515 | Lair:3   | Reached ** piety under Jiyva
 18756 | Lair:5   | Reached skill level 12 in Axes
 18796 | Slime:1  | Entered Level 1 of the Pits of Slime
 18796 | Slime:1  | Noticed an azure jelly
 18846 | Slime:3  | Noticed an azure jelly
 18898 | Slime:3  | Noticed an acid blob
 19064 | Slime:2  | Noticed an acid blob
 19140 | Slime:2  | Noticed an azure jelly
 19188 | Slime:1  | Noticed an acid blob
 19202 | Slime:1  | Killed Donald
 19215 | Slime:1  | Noticed an acid blob
 19216 | Slime:1  | Noticed an acid blob
 19217 | Slime:1  | Noticed an acid blob
 19219 | Slime:1  | Noticed an acid blob
 19580 | Slime:2  | Noticed an acid blob
 19633 | Slime:4  | Noticed Dissolution
 19683 | Slime:4  | Noticed an azure jelly
 19749 | Slime:4  | Noticed an acid blob
 19777 | Slime:5  | Noticed an acid blob
 19813 | Slime:5  | Noticed an azure jelly
 19819 | Slime:5  | Killed an azure jelly
 19823 | Slime:5  | Noticed an azure jelly
 20023 | Slime:5  | Noticed an azure jelly
 20187 | Slime:6  | Entered Level 6 of the Pits of Slime
 20202 | Slime:6  | Noticed an acid blob
 20303 | Slime:6  | Killed an acid blob
 20360 | Slime:6  | Noticed the Royal Jelly
 20361 | Slime:6  | Noticed an acid blob
 20362 | Slime:6  | Found a viscous altar of Jiyva.
 20390 | Slime:6  | Killed an acid blob
 20398 | Slime:6  | Noticed an azure jelly
 20411 | Slime:6  | Noticed an acid blob
 20413 | Slime:6  | Killed an acid blob
 20421 | Slime:6  | Noticed an acid blob
 20430 | Slime:6  | Noticed an acid blob
 20658 | Lair:7   | Reached *** piety under Jiyva
 20726 | Lair:7   | Gained mutation: You have large cloven feet. [Jiyva's grace]
 20768 | Lair:7   | Reached **** piety under Jiyva
 20781 | Lair:7   | Gained mutation: Your body is partially covered in golden eyeballs (Acc +3). [Jiyva's grace]
 20801 | Lair:7   | Gained mutation: You are very robust (+20% HP). [Jiyva's grace]
 20807 | Lair:7   | Reached ***** piety under Jiyva
 21071 | Lair:8   | Entered Level 8 of the Lair of Beasts
 21539 | Lair:8   | Gained mutation: You have hoof-like feet. [Jiyva's grace]
 21795 | Lair:8   | Lost mutation: Your magical capacity is low (-10% MP). [Jiyva's grace]
 21844 | Lair:8   | Reached ****** piety under Jiyva
 21950 | Lair:8   | Gained mutation: You have a small jelly attached to you that may absorb incoming projectiles. [Jiyva's grace]
 22096 | Lair:8   | Lost mutation: You have hoof-like feet. [Jiyva's grace]
 22430 | Lair:8   | Reached skill level 10 in Evocations
 22438 | Lair:8   | Reached XP level 15. HP: 70/123 MP: 21/21
 22548 | Lair:8   | Reached skill level 13 in Axes
 22721 | Lair:8   | Lost mutation: Your body is partially covered in golden eyeballs (Acc +3). [mutagenic glow]
 23143 | Lair:8   | Gained mutation: Your rubbery body absorbs attacks (AC +1). [Jiyva's grace]
 23447 | D:10     | Entered Level 10 of the Dungeon
 23524 | D:10     | Gained mutation: Your flesh is heat resistant. [Jiyva's grace]
 23682 | D:10     | Got a steaming jade ring
 23727 | D:10     | Reached skill level 10 in Fighting
 23749 | D:10     | Lost mutation: You have a small jelly attached to you that may absorb incoming projectiles. [Jiyva's grace]
 23766 | D:10     | Lost mutation: You are partially covered in rough black scales (AC +4, Dex -1). [Jiyva's grace]
 23769 | D:10     | Gained mutation: You have sharp fingernails. [Jiyva's grace]
 23975 | D:10     | Gained mutation: Your flesh is cold resistant. [Jiyva's grace]
 24199 | D:11     | Found a staircase to the Orcish Mines.
 24271 | D:11     | Noticed Maud
 24282 | D:11     | Killed Maud
 24368 | D:11     | Lost mutation: Your system is resistant to poisons. [Jiyva's grace]
 24545 | D:11     | Found Ehaext's Distillery.
 24552 | D:11     | Bought 2 potions of haste for 320 gold pieces
 24552 | D:11     | Bought 2 potions of degeneration for 32 gold pieces
 24552 | D:11     | Bought a potion of poison for 16 gold pieces
 24552 | D:11     | Bought a potion of beneficial mutation for 560 gold pieces
 24552 | D:11     | Gained mutation: You have a pair of large horns on your head. [potion of beneficial mutation]
 24553 | D:11     | Gained mutation: Your mind is very acute. (Int +4) [potion of beneficial mutation]
 24806 | Orc:1    | Entered Level 1 of the Orcish Mines
 24830 | Orc:1    | Lost mutation: Your flesh is heat resistant. [Jiyva's grace]
 24938 | Orc:2    | Entered Level 2 of the Orcish Mines
 24938 | Orc:2    | Found a staircase to the Elven Halls.
 24964 | Orc:2    | Lost mutation: You are resistant to hostile enchantments. [Jiyva's grace]
 24975 | Orc:1    | Found Emok's Distillery.
 25176 | Orc:1    | Found a radiant altar of Vehumet.
 25259 | Orc:2    | Found a labyrinth entrance.
 25270 | Lab      | Entered a labyrinth
 25374 | Lab      | Identified the Guide on Blows and Bruises
 25396 | Lab      | Identified the ring "Yfeiged" {rElec MR+ Str+3 Stlth+} (You found it on level 10 of the Dungeon)
 25404 | Lab      | Got an ichor-stained dagger
 25405 | Lab      | Identified the cursed +1 dagger of the Little People {pierce, rN+} (You found it in a labyrinth)
 25407 | Lab      | Got a shimmering trident
 25408 | Lab      | Identified the +11 trident of Hell's Wrath {pierce, *Noise rPois Str-2 Dex+4} (You found it in a labyrinth)
 25420 | Orc:2    | Gained mutation: Your spells are harder to cast, but more powerful. [Jiyva's grace]
 25428 | Orc:2    | Lost mutation: Your rubbery body absorbs attacks (AC +1). [Jiyva's grace]
 25436 | Orc:2    | Lost mutation: Your mind is very acute. (Int +4) [Jiyva's grace]
 25439 | Orc:2    | Gained mutation: You have a small jelly attached to you that senses nearby items. [Jiyva's grace]
 25443 | Orc:2    | Found Ubopn's Antique Weapon Shoppe.
 25475 | Orc:2    | Gained mutation: You are partially covered in molten scales (AC +1). [Jiyva's grace]
 25496 | Orc:2    | Lost mutation: Your mind is acute. (Int +2) [Jiyva's grace]
 25502 | Orc:2    | Gained mutation: Your skin perfectly mimics your surroundings (Stealth). [Jiyva's grace]
 25565 | Orc:2    | Found Fayggaa's General Store.
 25583 | Orc:2    | Lost mutation: You have a pair of large horns on your head. [Jiyva's grace]
 25651 | Orc:2    | Lost mutation: You have sharp fingernails. [Jiyva's grace]
 25657 | Orc:2    | Found Ughowacs's Antique Armour Emporium.
 25776 | Orc:2    | Found Ollin's Book Boutique.
 25882 | Elf:1    | Entered Level 1 of the Elven Halls
 26065 | Lair:4   | Gained mutation: You occasionally shout uncontrollably at your foes. [Jiyva's grace]
 26174 | Slime:6  | Gained mutation: You are somewhat resistant to further mutation. [Jiyva's grace]
 26178 | Slime:6  | Gained mutation: Your natural rate of healing is unusually fast. [Jiyva's grace]
 26209 | Slime:6  | Lost mutation: You have large cloven feet. [Jiyva's grace]
 26212 | Slime:6  | Gained mutation: You have a small jelly attached to you that may absorb incoming projectiles. [Jiyva's grace]
 26224 | Slime:6  | Got a slimy rune of Zot
 26234 | Slime:6  | Lost mutation: You occasionally shout uncontrollably at your foes. [Jiyva's power]
 26240 | Slime:6  | Got a coiled silver ring
 26241 | Slime:6  | Identified the ring of Senuax {EV+3 Dex+2} (You found it on level 6 of the Pits of Slime)
 26244 | Slime:6  | Got a flickering garnet amulet
 26245 | Slime:6  | Identified the amulet of Scepticism {MR++ Regen+ Str-2 Int-3 Dex+5} (You found it on level 6 of the Pits of Slime)
 26260 | Slime:6  | Got a translucent chain mail
 26261 | Slime:6  | Identified the +7 chain mail of Dim Light {rF+ Regen+} (You found it on level 6 of the Pits of Slime)
 26288 | Slime:6  | Got a translucent blowgun
 26289 | Slime:6  | Identified the cursed +1 blowgun "Grum" {speed, SInv} (You found it on level 6 of the Pits of Slime)
 26771 | D:12     | Noticed Azrael
 26788 | D:12     | Killed Azrael
 26868 | D:12     | Lost mutation: You have a small jelly attached to you that may absorb incoming projectiles. [Jiyva's grace]
 26971 | D:12     | Lost mutation: Your natural rate of healing is unusually fast. [Jiyva's grace]
 26972 | D:12     | Reached XP level 16. HP: 132/132 MP: 23/23
 27440 | D:13     | Lost mutation: You are somewhat resistant to further mutation. [Jiyva's grace]
 27578 | D:13     | Lost mutation: You have a pair of horns on your head. [Jiyva's grace]
 27660 | D:13     | Lost mutation: You are very robust (+20% HP). [Jiyva's grace]
 27692 | D:13     | Reached skill level 14 in Axes
 27711 | D:13     | Found a shimmering altar of Xom.
 27712 | D:13     | Found a shimmering altar of Xom.
 27712 | D:13     | Found a shimmering altar of Xom.
 27713 | D:13     | Found a shimmering altar of Xom.
 27726 | D:13     | Got a scorched falchion
 27727 | D:13     | Lost intelligence.
 27727 | D:13     | Identified the +8 falchion "Genoos" {venom, rPois MR+++ MP-9 Int-3} (You found it on level 13 of the Dungeon)
 27743 | D:13     | Lost mutation: You are partially covered in molten scales (AC +1). [Jiyva's grace]
 28507 | D:14     | Found a gate to the Vaults.
 28739 | Vaults:1 | Entered Level 1 of the Vaults
 28969 | Vaults:1 | Lost mutation: Your spells are harder to cast, but more powerful. [Jiyva's grace]
 29024 | Vaults:1 | Lost mutation: You have a pair of small horns on your head. [Jiyva's grace]
 29304 | Vaults:1 | Lost mutation: You have a small jelly attached to you that senses nearby items. [Jiyva's grace]
 29842 | Vaults:1 | Gained mutation: Your magical capacity is low (-10% MP). [Jiyva's grace]
 29870 | Vaults:2 | Noticed Margery
 29887 | Vaults:1 | HP: 2/122 [hell knight/enchanted demon blade[Margery] (14)]
 29888 | Vaults:1 | Slain by a hell knight

Vault maps used:
D:1:      minmay_arrival_wavy_path
D:3:      serial_undead, serial_undead_f, serial_undead_c, serial_undead_a,
          serial_undead_b, serial_undead_f, serial_undead_b, serial_undead_d
D:4:      nicolae_overflow_crystal_walls, serial_shops, shop
D:5:      first_bread, serial_park_tiny_2, uniq_menkaure, uniq_edmund
D:7:      minitemple, minmay_temple_entry_junction, uniq_joseph
D:8:      hangedman_little_slice_of_home, makhleb_heckhound_becter
D:9:      lair_0_dummy, uniq_maurice
D:11:     zombieorc1_lemuel, serial_shops, shop, hangedman_misty_isle,
          uniq_erolcha, uniq_maud
D:12:     ice2_lemuel, uniq_azrael
D:13:     hangedman_glass_teeth, xom_redecorated
D:14:     grunt_vaults_entry_fortified, roderic_roman_lattice, minivault_22,
          grunt_decor_mini_mirrors
Temple:   minmay_crystal_spiral_temple_12
Lair:2:   minmay_lair_oklob_tunnel, uniq_sonja
Lair:3:   minmay_stone_trees_small, grunt_megastairs_1
Lair:4:   guppyfry_snake_entry_island
Lair:5:   enter_volcano_3
Lair:6:   minmay_shoals_entry_beasts, slime_altar_2,
          portal_ice_cave_entry_ice_beasts, beast_lair_carwin_2,
          bh_autumn_forest_stairs, uniq_josephine
Lair:7:   grunt_forest_stairs_basic, lemuel_fruit_tree
Lair:8:   grunt_lair_end_beastmaster, serial_bayou_pond_e, grunt_megastairs_3
Shoals:1: st_shoals_ruin
Slime:1:  uniq_donald
Slime:3:  cheibrodos_slime_lost_civilization_4
Slime:4:  dissolution_awaits
Orc:1:    serial_shops, nicolae_shop_stone, lemuel_statue_altar
Orc:2:    grunt_orc_gardens, grunt_orc_garden, grunt_orc_garden,
          grunt_orc_garden, grunt_orc_garden, lab_entry_generic
Elf:1:    minmay_elf_demonology, minmay_elf_necromancy
Vaults:1: nicolae_vaults_three_branches, serial_ice_h, nicolae_vaults_asterisk,
          nicolae_vaults_little_squares_5, v_misc_17,
          ontoclasm_vaults_ring_small, nicolae_vaults_rhombus_6,
          nicolae_vaults_rhombus_6
Vaults:2: ontoclasm_vaults_shuriken, v_misc_8, ontoclasm_vaults_decontamination,
          grunt_vaults_funnel, nicolae_vaults_rhombus_5,
          hangedman_vaults_stream, minmay_crypt_entry_skeletal_spiral, v_misc_5,
          vaults_room_door_ring, v_pattern_4, nicolae_vaults_mini_display_case,
          v_alt_pattern_2, serial_shops, shop, uniq_margery, uniq_boris
Lab:      labyrinth_spiral, lab_fountain, nicolae_lab_dead_end,
          nicolae_lab_t_cross, labyrinth_fake_exit, nicolae_lab_checkerboard,
          nicolae_lab_plus
IceCv:    ice_cave_small_necro
Volcano:  volcano_overflow

Action                   |  1- 3 |  4- 6 |  7- 9 | 10-12 | 13-15 | 16-18 || total
-------------------------+-------+-------+-------+-------+-------+-------++-------
Melee: Hand axe          |    87 |    60 |       |       |       |       ||   147
       Battleaxe         |       |   116 |   239 |   463 |  1049 |   390 ||  2257
       Broad axe         |       |       |       |       |   127 |       ||   127
Invok: Berserk           |     1 |     4 |     8 |     3 |    11 |       ||    27
       Brothers in Arms  |       |       |       |     3 |     3 |       ||     6
       Jelly Paralyse    |       |       |       |       |     3 |       ||     3
       Cure Bad Mutation |       |       |       |       |     1 |       ||     1
 Abil: Evoke Invisibilit |       |       |     1 |       |     8 |       ||     9
       Evoke Teleportati |       |       |       |     1 |    14 |     2 ||    17
Evoke: Wand              |       |       |       |       |     4 |     4 ||     8
  Use: Scroll            |       |       |    15 |    10 |    13 |       ||    38
       Potion            |       |       |     7 |     3 |     7 |     2 ||    19
 Stab: Sleeping          |     3 |     5 |     3 |       |     3 |     5 ||    19
       Distracted        |       |     1 |     1 |       |     1 |       ||     3
       Invisible         |       |       |     1 |     1 |    32 |       ||    34
       Confused          |       |       |       |       |     7 |       ||     7
       Petrified         |       |       |       |       |     7 |       ||     7
       Petrifying        |       |       |       |       |     2 |       ||     2
  Eat: Chunk             |     1 |    13 |    20 |    32 |    13 |       ||    79
       Fruit             |       |       |     4 |       |     1 |       ||     5
       Meat ration       |       |       |     3 |       |     5 |       ||     8
       Bread ration      |       |       |     2 |       |       |       ||     2
       Pizza             |       |       |     1 |       |       |       ||     1
       Beef jerky        |       |       |       |     1 |       |       ||     1
